 Dungeon Crawl Stone Soup version 0.25-a0-287-g56a5b49892 (webtiles) character file.

Game seed: 17301964171197946469, levelgen mode: deterministic

455 MoonlitKnight the Ruffian (level 6, -2/47 HPs)
             Began as a Draconian Transmuter on Dec 12, 2019.
             Was a Believer of Okawaru.
             Killed by divine providence
             ... invoked by an orc priest
              (12 damage)
             ... on level 4 of the Dungeon.
             The game lasted 00:08:57 (3674 turns).

MoonlitKnight the Ruffian (Draconian Transmuter)    Turns: 3674, Time: 00:08:59

Health: -2/47      AC:  2    Str: 14    XL:     6   Next: 76%
Magic:  4/9        EV: 20    Int: 14    God:    Okawaru [**....]
Gold:   170        SH:  0    Dex: 16    Spells: 3/9 levels left

rFire    x . .     SeeInvis .     - Unarmed
rCold    + . .     Gourm    .   (shield currently unavailable)
rNeg     . . .     Faith    .   (armour unavailable)
rPois    x         Spirit   .   (helmet currently unavailable)
rElec    .         Reflect  .   (cloak currently unavailable)
rCorr    .         Harm     .   (gloves currently unavailable)
MR       .....                  (boots currently unavailable)
Stlth    +.........             (no amulet)
HPRegen  0.15/turn              s - ring of ice
MPRegen  0.11/turn              (no ring)

@: spider-form (expiring)
A: tiny, unfitting armour, AC +6
a: End Transformation, Heroism, Renounce Religion


You were on level 4 of the Dungeon.
You worshipped Okawaru.
Okawaru was pleased with you.
You were not hungry.
You were a venomous arachnid creature.
You visited 1 branch of the dungeon, and saw 4 of its levels.

You collected 170 gold pieces.

Inventory:

Hand Weapons
 n - a cursed -3 hunting sling
Missiles
 a - 65 arrows
 t - 3 javelins (quivered)
Jewellery
 s - a ring of ice (left front leg)
Scrolls
 d - a scroll of fear {unknown}
 e - 2 scrolls of remove curse
 f - a scroll of random uselessness {unknown}
 g - a scroll of fog {unknown}
 m - a scroll of enchant armour
 p - a scroll of teleportation {unknown}
 r - a scroll of amnesia {unknown}
Potions
 h - 2 potions of brilliance
 i - a potion of heal wounds
 j - a potion of haste
 k - 2 potions of curing
 l - 2 potions of agility
 q - a potion of degeneration
Comestibles
 c - 5 rations
 o - a chunk of flesh


   Skills:
 - Level 1.1 Fighting
 + Level 2.5 Dodging
 + Level 5.6 Unarmed Combat
 - Level 2.0 Spellcasting
 + Level 5.1 Transmutations


You had 3 spell levels left.
You knew the following spells:

 Your Spells              Type           Power        Failure   Level  Hunger
a - Beastly Appendage     Tmut           ###...       11%         1    ##.....
b - Sticks to Snakes      Tmut           ###.....     13%         2    ###....
c - Spider Form           Tmut/Pois      #.........   47%         3    ####...

Your spell library contained the following spells:

 Spells                   Type           Power        Failure   Level  Hunger
 Ice Form                 Ice/Tmut       ##......     82%         4    #####..
 Blade Hands              Tmut           ###.......   82%         5    ######.


Dungeon Overview and Level Annotations

Branches:
Dungeon (4/15)
 Temple: D:4-7

Altars:
Makhleb
Okawaru
Uskayaw
Zin


Innate Abilities, Weirdness & Mutations

((Your plain brown scales are hard. (AC +6)))
You cannot fit into any form of body armour.
((You are cold-blooded and may be slowed by cold attacks.))


Message History

You turn into a venomous arachnid creature.
The orc misses you.
You hit the orc.
The orc is almost dead.
You bite the orc!
You kill the orc!
Okawaru accepts your kill. The orc completely misses you.
Things that are here:
a +0 trident; a +0 leather armour; an orc corpse You bite the orc!
You kill the orc!
Okawaru accepts your kill.
You bite the orc!
You kill the orc!
Okawaru accepts your kill.
Your transformation is almost over.
The orc priest mumbles some strange prayers to Beogh against you.
Beogh smites you!
You die...

#<.#.#
####..#.#
#.......#
#.##.##.#
#.##.##.#####
#.##....)...#
#.#####)###.#
#.# #)# #.#
#s# #.# #)#
.......o..oo#
#.###..###o.#
.... .<..
.##.. ..# ..
#.. .# . ###
#


You could see an orc priest.

Vanquished Creatures
  Sigmund (D:2)
  A crimson imp (D:3)
  A bullfrog skeleton (D:4)
  An orc priest (D:4)
  3 gnolls (D:3)
  7 adders
  2 oozes (D:3)
  3 worms
  A dart slug (D:2)
  A leopard gecko (D:2)
  9 orcs
  10 bats
  3 giant cockroaches
  7 goblins
  12 hobgoblins
  5 jackals (D:3)
  11 kobolds
  A frilled lizard (D:1)
  7 rats
86 creatures vanquished.

Vanquished Creatures (others)
  A hobgoblin (D:1)
1 creature vanquished.

Grand Total: 87 creatures vanquished

Notes
Turn   | Place    | Note
-------+----------+-------------------------------------------
     0 | D:1      | MoonlitKnight the Draconian Transmuter began the quest for
                  | the Orb.
     0 | D:1      | Reached XP level 1. HP: 16/16 MP: 3/3
   188 | D:1      | Reached XP level 2. HP: 19/23 MP: 5/5
   195 | D:1      | Learned a level 2 spell: Sticks to Snakes
  1264 | D:2      | Reached XP level 3. HP: 18/28 MP: 4/6
  1384 | D:2      | Noticed a -2 dagger
  1386 | D:2      | Found a hide-covered altar of Uskayaw.
  1386 | D:2      | Noticed a +0 dagger
  1834 | D:2      | Found an iron altar of Okawaru.
  1842 | D:2      | Became a worshipper of Warmaster Okawaru
  1867 | D:2      | Reached XP level 4. HP: 9/35 MP: 5/7
  2294 | D:2      | Noticed Sigmund
  2312 | D:2      | Killed Sigmund
  2312 | D:2      | Reached * piety under Okawaru
  2312 | D:2      | Reached skill level 5 in Unarmed Combat
  2312 | D:2      | Reached XP level 5. HP: 40/40 MP: 8/8
  2323 | D:2      | Learned a level 3 spell: Spider Form
  2333 | D:2      | Found a burning altar of Makhleb.
  2333 | D:2      | Found a glowing silver altar of Zin.
  2334 | D:2      | Noticed an angel
  2334 | D:2      | Noticed a balrug
  2672 | D:3      | Reached XP level 6. HP: 44/47 MP: 9/9
  2894 | D:3      | Reached ** piety under Okawaru
  2938 | D:3      | HP: 2/47 [poisoned by an adder]
  2946 | D:3      | HP: 2/47 [poisoned by an adder]
  3654 | D:4      | Reached skill level 5 in Transmutations
  3674 | D:4      | Killed from afar by an orc priest

Levels and vault maps discovered:
D:1:      dpeg_arrival_ternary, layout_basic, lemuel_flame_loot_1
D:2:      layout_basic, grunt_temple_overflow_order_and_chaos_2,
          dancing_weapons_uskayaw, okawaru_ov_weapons_minmay, uniq_sigmund
D:3:      layout_rooms, st_stairs_3
D:4:      layout_loops_ring, first_ration, grunt_tough_drop

Skill      XL: |  1  2  3  4  5  6 |
---------------+-------------------+-----
Transmutations | 3 4 5 |  5.1
Unarmed Combat | 4 5 |  5.6
Dodging        | 2 |  2.5
Fighting       | |  1.1
Spellcasting   | |  2.0

Action                   |  1- 3 |  4- 6 || total
-------------------------+-------+-------++-------
Melee: Unarmed           |   129 |   168 ||   297
       Tailslap          |     7 |    13 ||    20
       Headbutt          |     7 |    10 ||    17
       Kick              |     2 |       ||     2
       Punch             |     1 |     1 ||     2
 Cast: Beastly Appendage |    13 |     5 ||    18
       Spider Form       |       |     5 ||     5
       Sticks to Snakes  |       |     3 ||     3
  Use: Scroll            |       |     8 ||     8
 Stab: Sleeping          |     1 |       ||     1
       Distracted        |       |     2 ||     2
  Eat: Chunk             |     3 |     4 ||     7
       Ration            |       |     1 ||     1
Armor: Skin              |    41 |    44 ||    85
Dodge: Dodged            |    97 |    94 ||   191

Table legend:
 A = Non-vault XP
 B = Vault XP
 C = Vault XP percentage of total XP
 D = Non-vault monster count
 E = Vault monster count
 F = Vault count percentage of total count
                 A         B        C        D         E       F
            +---------+---------+-------+---------+---------+-------
      Total |     409 |     241 |  37.1 |      83 |       3 |   3.5
            +---------+---------+-------+---------+---------+-------
        D:1 |      33 |       0 |   0.0 |      20 |       0 |   0.0
        D:2 |     100 |     238 |  70.4 |      22 |       1 |   4.3
        D:3 |     178 |       3 |   1.7 |      32 |       2 |   5.9
        D:4 |      98 |       0 |   0.0 |       9 |       0 |   0.0
            +---------+---------+-------+---------+---------+-------
